 Dungeon Crawl Stone Soup version 0.17-a0-2109-g117576f (webtiles) character file.

122 brucemayne the Chopper (level 5, -9/45 HPs)
             Began as a Hill Orc Berserker on Oct 19, 2015.
             Was a Believer of Trog.
             Killed by nerve-wracking pain
             ... invoked by an orc priest
              (14 damage)
             ... on level 5 of the Dungeon.
             The game lasted 00:03:51 (593 turns).

brucemayne the Chopper (Hill Orc Berserker)          Turns: 593, Time: 00:03:51

Health: -9/45      AC:  2    Str: 21    XL:     5   Next: 6%
Magic:  5/5        EV: 12    Int:  7    God:    Trog [**....]
Gold:   23         SH:  0    Dex: 10    Spells: 0 memorised, 4 levels left

rFire  . . .     SeeInvis .     a - +0 hand axe
rCold  . . .     Clarity  .     b - +0 animal skin
rNeg   . . .     SustAt   .     (no shield)
rPois  .         Gourm    .     (no helmet)
rElec  .         Spirit   .     (no cloak)
rCorr  .         Warding  .     (no gloves)
rMut   .         Stasis   .     (no boots)
MR     .....                    (no amulet)
Stlth  +.........               (no ring)
                                (no ring)

@: exhausted, slowed, very slow, not resistant to hostile enchantments, very
unstealthy
A: no striking features
a: Berserk, Trog's Hand, Burn Spellbooks, Renounce Religion, Convert to Beogh


You were on level 5 of the Dungeon.
You worshipped Trog.
Trog was pleased with you.
You were near starving.

You visited 1 branch of the dungeon, and saw 5 of its levels.

You collected 23 gold pieces.

Inventory:

Hand Weapons
 a - a +0 hand axe (weapon)
Armour
 b - a +0 animal skin (worn)
Wands
 l - a wand of teleportation (2)
Scrolls
 e - a scroll of magic mapping {unknown}
 g - a scroll of identify {unknown}
 j - a scroll of fog {unknown}
 k - a scroll of fear {unknown}
Potions
 h - a potion of agility {unknown}
 i - a potion of poison {unknown}
Comestibles
 c - 3 bread rations
 f - a royal jelly


   Skills:
 - Level 3.6 Fighting
 + Level 7.4 Axes
 - Level 2.1 Armour
 - Level 1.5 Dodging


You had 4 spell levels left.
You didn't know any spells.

Dungeon Overview and Level Annotations

Branches:
Dungeon (5/15)
 Temple: D:4-7

Altars:


Message History

The orc priest looks braver for a moment.
The orc priest hits you with a short sword of speed.
You hit the orc priest but do no damage.
The orc priest closely misses you.
You hit the orc priest.
The orc priest is moderately wounded.
The orc priest closely misses you.
The orc priest looks braver for a moment.
Use which ability?
You fail to use your ability.
The orc priest hits you with a short sword of speed.
* * * LOW HITPOINT WARNING * * *
Drink which item? (? for menu, Esc to quit)
Okay, then.
The orc priest shouts, "Join the one true god or die!"
The orc priest hits you with a short sword of speed.
* * * LOW HITPOINT WARNING * * *
The orc priest calls down the wrath of Beogh upon you.
Pain shoots through your body!
You die...

#.###.###.##
#..........#.
###.........#
#...#######
#..###.. #..# #.#
####..# #.# ..#..#
#.# #.#..# #@#
#.#..###.######
#......ow.....#
###.#..###.######
........)........#
.....######.####w#
...###. #.# .. ..
#.. . ### ####


You could see a worm and an orc priest.

Vanquished Creatures
  A jelly (D:4)
  A gnoll (D:2)
  4 adders (D:2)
  An ooze (D:3)
  A giant gecko (D:3)
  4 orcs
  3 bats (D:2)
  A giant cockroach (D:1)
  3 goblins (D:2)
  2 hobgoblins
  8 jackals (D:2)
  5 kobolds
  A rat (D:2)
35 creatures vanquished.

Notes
Turn   | Place    | Note
--------------------------------------------------------------
     0 | D:1      | brucemayne the Hill Orc Berserker began the quest for the Orb.
     0 | D:1      | Reached XP level 1. HP: 19/19 MP: 1/1
     3 | D:1      | Noticed an electric eel
     5 | D:1      | Noticed an electric eel
    61 | D:2      | Reached XP level 2. HP: 26/26 MP: 2/2
    65 | D:2      | Reached skill level 5 in Axes
   108 | D:2      | Reached XP level 3. HP: 23/31 MP: 3/3
   138 | D:2      | Found a faded altar to an unknown god.
   150 | D:2      | Reached skill level 6 in Axes
   195 | D:2      | Reached ** piety under Trog
   210 | D:2      | Reached XP level 4. HP: 12/39 MP: 4/4
   401 | D:4      | Reached skill level 7 in Axes
   502 | D:4      | Reached XP level 5. HP: 45/45 MP: 5/5
   529 | D:5      | Entered Level 5 of the Dungeon
   593 | D:5      | Killed from afar by an orc priest

Vault maps used:
D:1:      arrival_aquarium_b
D:2:      ecumenical_altar_2, st_stairs_1
D:3:      gup_sewer_entry_spiral, first_bread, uniq_iyjb, uniq_terence,
          uniq_crazy_yiuf_cottage
D:4:      serial_glass, glass_columns_b, glass_columns_b, minivault_19
D:5:      kennysheep_little_box, serial_shops, nicolae_shop_window_shopping,
          nrook_uturn

Action                   |  1- 3 |  4- 6 || total
-------------------------+-------+-------++-------
Melee: Hand axe          |    52 |    43 ||    95
Invok: Berserk           |     4 |     3 ||     7
       Trog's Hand       |     1 |     2 ||     3
  Use: Potion            |     2 |       ||     2
  Eat: Chunk             |       |     5 ||     5
